 Dungeon Crawl Stone Soup version 0.21.1-1-g345015f (webtiles) character file.

4870 shakethe the Carver (level 10, -12/82 HPs)
             Began as a Barachi Fighter on Feb 23, 2018.
             Was a Believer of Okawaru.
             Mangled by a three-headed hydra (13 damage)
             ... on level 8 of the Dungeon.
             The game lasted 00:17:52 (8447 turns).

shakethe the Carver (Barachi Fighter)               Turns: 8447, Time: 00:17:53

Health: -12/82     AC: 12    Str: 23    XL:     10   Next: 50%
Magic:  10/10      EV: 14    Int: 12    God:    Okawaru [**....]
Gold:   241        SH:  5    Dex: 12    Spells: 9/9 levels left

rFire    . . .     SeeInvis .   a - +0 long sword
rCold    . . .     Gourm    .   D - +0 buckler
rNeg     . . .     Faith    .   b - +0 scale mail
rPois    .         Spirit   .   v - +0 helmet (curse)
rElec    .         Reflect  .   H - +0 cloak
rCorr    .         Harm     .   (no gloves)
MR       .....                  z - +0 pair of boots
Stlth    ..........             (no amulet)
HPRegen  0.23/turn              n - +4 ring of evasion
MPRegen  0.12/turn              e - +6 ring of strength

@: lethally poisoned (-12 -> -13), can't hop, invisible, slow
A: +LOS, swims, slowness 1, strong legs 1
a: Hop, Heroism, Renounce Religion


You were on level 8 of the Dungeon.
You worshipped Okawaru.
Okawaru was pleased with you.
You were not hungry.

You visited 2 branches of the dungeon, and saw 9 of its levels.

You collected 335 gold pieces.
You spent 94 gold pieces at shops.

Inventory:

Hand Weapons
 a - a +0 long sword (weapon)
Missiles
 s - 155 stones (quivered)
 y - 6 curare-tipped needles
Armour
 b - a +0 scale mail (worn)
 c - a +0 shield
 v - a cursed +0 helmet (worn)
   (You took it off Robin on level 4 of the Dungeon)
 z - a +0 pair of boots (worn)
   (You bought it in a shop on level 5 of the Dungeon)
 D - a +0 buckler (worn)
   (You found it on level 7 of the Dungeon)
 H - a +0 cloak (worn)
   (You found it on level 7 of the Dungeon)
Jewellery
 e - a +6 ring of strength (right hand)
   (You found it on level 1 of the Dungeon)
 n - a +4 ring of evasion (left hand)
   (You found it on level 1 of the Dungeon)
 u - a cursed ring of teleportation {unknown}
   (You found it on level 8 of the Dungeon)
Scrolls
 j - a scroll of teleportation {unknown}
 l - 5 scrolls of blinking {unknown}
 m - 2 scrolls of enchant weapon {unknown}
 o - 2 scrolls of immolation {unknown}
 p - 6 scrolls of remove curse {unknown}
 r - a scroll of magic mapping {unknown}
 t - 9 scrolls of identify {unknown}
 w - 3 scrolls of enchant armour {unknown}
Potions
 g - 2 potions of degeneration {unknown}
 h - 2 potions of heal wounds {unknown}
 k - 2 potions of agility {unknown}
 q - 2 potions of ambrosia {unknown}
 x - a potion of might
 E - a potion of brilliance {unknown}
 G - a potion of invisibility
 I - 2 potions of magic {unknown}
 J - a potion of haste {unknown}
 K - 2 potions of flight {unknown}
Books
 d - a book of Changes
   (You found it on level 5 of the Dungeon)
 A - a book of Necromancy
   (You found it on level 6 of the Dungeon)
 C - a book of Air
   (You found it on level 6 of the Dungeon)
 F - a book of Conjurations
   (You found it on level 7 of the Dungeon)
Comestibles
 f - 9 rations
 L - 4 chunks of flesh {@w0@w0}


   Skills:
 + Level 8.4 Fighting
 - Level 14.0 Long Blades
 + Level 8.3 Armour
 - Level 4.0 Shields


You had 9 spell levels left.
You didn't know any spells.

Dungeon Overview and Level Annotations

Branches:
Dungeon (8/15)             Temple (1/1) D:6
   Lair: D:8-11

Altars:
Ashenzari
Cheibriados
Dithmenos
Elyvilon
Fedhas
Gozag
Hepliaklqana
Kikubaaqudgha
Makhleb
Nemelex Xobeh
Okawaru
Qazlal
Ru
Sif Muna
Trog
Uskayaw
Vehumet
Wu Jian
Xom
Yredelemnul
Zin
The Shining One

Shops:
D:4 *   D:5 =?*}


Innate Abilities, Weirdness & Mutations

Shadows flee at your approach. (+LOS)
You can swim through water.
You cover ground slowly.
You can hop short distances.


Message History

The big kobold burns you.
You take 5 damage, and have 36/80 hp.
You hit the big kobold.
The big kobold hits you with a falchion of flaming.
The big kobold burns you.
You take 5 damage, and have 31/80 hp.
You closely miss the big kobold. You closely miss the big kobold.
The big kobold hits you but does no damage.
You slice the big kobold!!
You kill the big kobold!
Okawaru accepts your kill.
You slash the yak!
You feel like a meek peon again. You block the yak's attack.
You gain the combat prowess of a mighty hero.
The yak barely misses you.
You now have 7/10 mp.
You hit the yak. You barely miss the yak. The yak closely misses you.
You riposte.
You slash the yak! You slash the yak! You slash the yak!
Your scale mail prevents you from hitting the yak.
The yak gores you but does no damage. The yak misses you.
You slash the yak!
You kill the yak!
Okawaru accepts your kill. The yak misses you.
You riposte.
You slice the yak!! You slash the yak!
You kill the yak!
Okawaru accepts your kill.
You see here a falchion of flaming.
You feel like a meek peon again.
You hit the plant. You hit the plant.
f - 5 rations (gained 1)
f - 6 rations (gained 1) MP restored: 10
f - 7 rations (gained 1)
There is an open gate here.
f - 8 rations (gained 1)
f - 9 rations (gained 1)
You open the door.
A hydra and a big kobold come into view.
The big kobold is wielding a short sword of venom.
The big kobold shouts!
The three-headed hydra roars!
The big kobold throws a stone.
The stone hits you but does no damage.
The three-headed hydra closely misses you.
The three-headed hydra barely misses you.
The three-headed hydra bites you! You block the big kobold's attack.
The three-headed hydra misses you.
The three-headed hydra bites you but does no damage.
The three-headed hydra closely misses you.
There is an open door, spattered with blood here.
You completely miss the three-headed hydra.
The big kobold hits you but does no damage.
You are poisoned.
You take 11 damage, and have 30/82 hp.
You feel sick.
You take 2 damage, and have 28/82 hp.
The three-headed hydra bites you but does no damage. x3
There is an open gate here.
You feel sick.
Okay, then.
Hop to where?
Boing!
You feel sick.
You take 1 damage, and have 27/82 hp.
You feel sick.
You take 1 damage, and have 26/82 hp.
You feel sick.
You see here a falchion of flaming.
You aren't carrying any items that you can evoke.
You aren't carrying any items that you can evoke.
Okay, then.
Aim: a three-headed hydra
Okay, then.
As you read the scroll labeled ONWA KETEURCH, it crumbles to dust.
The scroll dissolves into smoke.
It was a scroll of fog.
You feel sick.
You take 1 damage, and have 25/82 hp.
As you read the scroll labeled PAESUCIE ISEO, it crumbles to dust.
You hear a loud clanging noise!
It was a scroll of noise.
You hear an angry hiss.
You hear a screech!
The three-headed hydra bites you!
* * * LOW HITPOINT WARNING * * *
The three-headed hydra bites you!
* * * LOW HITPOINT WARNING * * *
The three-headed hydra barely misses you.
You take 23 damage, and have 2/82 hp.
MASSIVE DAMAGE!!
It was a potion of invisibility.
You fade into invisibility!
* * * LOW HITPOINT WARNING * * *
You feel sick. The three-headed hydra misses you.
You riposte.
You strike the helpless three-headed hydra from behind!
You hit the three-headed hydra.
The three-headed hydra barely misses you.
The three-headed hydra bites you!
You die...

##########.........######
#........#.........#...#.
#........#.........'...#.
#........#......<..#...#.
#.......##########.#...#.
#.......#.....#..#.#...##
#.....§.#§§...'..#.######
#.....§§#K§.P.'..#.#...#. ..
#.....§§@D§...'..#.#...## ...
+......§#§§...#.(#.#...##
...#.......#§§P≈P##'#)#.....
....#.......#P≈≈≈≈#.%#.###+##
............#PP≈P.+).#.......
....#.......##########.......
.............#...............
.............#..............#
#######.....####..#######...


You could see a three-headed hydra and a big kobold.

Vanquished Creatures
  2 dream sheep (D:8)
  Grinder (D:4)
  3 hippogriffs
  2 yaks (D:8)
  3 sky beasts
  The ghost of Solrac the Cudgeler, an amateur MiBe of Trog (D:3)
  A black bear (D:6)
  A phantom (D:7)
  2 ice beasts
  3 orc warriors
  5 ogres
  A centaur (D:5)
  3 big kobolds
  7 bullfrogs
  A water moccasin zombie (D:6)
  4 scorpions
  A water moccasin skeleton (D:4)
  3 wights
  2 crimson imps
  A jelly (D:6)
  4 orc wizards
  8 orc priests
  A hound (D:5)
  4 worker ants
  A hound skeleton (D:5)
  2 worker ant zombies
  Robin (D:4)
  3 gnolls (D:2)
  9 adders
  A shadow imp (D:5)
  2 oozes
  3 worms
  4 dart slugs
  8 leopard geckos
  29 orcs
  A ball python (D:3)
  14 bats
  10 giant cockroaches
  27 goblins
  9 hobgoblins
  3 jackals (D:5)
  21 kobolds
  3 quokkas
  8 frilled lizards
  A giant cockroach zombie (D:5)
  7 rats
231 creatures vanquished.

Notes
Turn   | Place    | Note
-------+----------+-------------------------------------------
     0 | D:1      | shakethe the Barachi Fighter began the quest for the Orb.
     0 | D:1      | Reached XP level 1. HP: 18/18 MP: 1/1
    93 | D:1      | Reached XP level 2. HP: 24/25 MP: 2/2
   196 | D:1      | Reached skill level 4 in Armour
   265 | D:1      | Reached skill level 4 in Fighting
   265 | D:1      | Reached skill level 3 in Long Blades
   265 | D:1      | Reached XP level 3. HP: 23/30 MP: 3/3
   653 | D:2      | HP: 4/30 [gnoll/halberd (11)]
   924 | D:2      | Reached skill level 4 in Long Blades
   924 | D:2      | Reached XP level 4. HP: 21/37 MP: 4/4
  1429 | D:2      | Reached skill level 5 in Long Blades
  1453 | D:2      | Reached XP level 5. HP: 40/42 MP: 5/5
  1794 | D:3      | Noticed Solrac's ghost (amateur MiBe)
  1817 | D:3      | Killed Solrac's ghost
  1817 | D:3      | Reached skill level 6 in Long Blades
  1817 | D:3      | Reached XP level 6. HP: 17/48 MP: 6/6
  2200 | D:3      | Reached skill level 7 in Long Blades
  2673 | D:3      | You fall through a shaft for 3 floors!
  2682 | D:6      | Noticed a black bear
  2694 | D:6      | Killed a black bear
  2815 | D:6      | Noticed an orc warrior
  2829 | D:6      | Killed an orc warrior
  2829 | D:6      | Reached skill level 8 in Long Blades
  2829 | D:6      | Reached XP level 7. HP: 27/54 MP: 7/7
  3130 | D:5      | Entered Level 5 of the Dungeon
  3140 | D:5      | Reached skill level 9 in Long Blades
  3571 | D:4      | Noticed Grinder
  3587 | D:4      | Paralysed by Grinder for 7 turns
  3604 | D:4      | Killed Grinder
  3604 | D:4      | Reached skill level 10 in Long Blades
  3604 | D:4      | Reached XP level 8. HP: 22/60 MP: 8/8
  3843 | D:4      | Reached skill level 11 in Long Blades
  4009 | D:4      | Found a shattered altar of Ashenzari.
  4069 | D:4      | Noticed Robin
  4118 | D:4      | Killed Robin
  4349 | D:4      | Found Kuhagrat's Assorted Antiques.
  4778 | D:5      | Found Arphuunly's Jewellery Shop.
  4916 | D:5      | Found Juuttaun's Gadget Shop.
  4953 | D:5      | Found Lyolab's General Store.
  4975 | D:5      | Found Enworioll's Assorted Antiques.
  4983 | D:5      | Bought a pair of boots for 94 gold pieces
  5121 | D:5      | Found Neeshaer's Magic Scroll Shoppe.
  5200 | D:5      | Reached skill level 12 in Long Blades
  5420 | D:6      | Reached skill level 5 in Fighting
  5420 | D:6      | Reached XP level 9. HP: 61/68 MP: 9/9
  5508 | D:6      | Reached skill level 5 in Armour
  5520 | D:6      | HP: 11/68 [orc priest/divine providence (10)]
  5901 | D:6      | Found a staircase to the Ecumenical Temple.
  6321 | Temple   | Entered the Ecumenical Temple
  6455 | Temple   | Became a worshipper of Warmaster Okawaru
  6512 | D:7      | Reached skill level 6 in Fighting
  6519 | D:7      | Reached skill level 6 in Armour
  6532 | D:7      | Reached skill level 13 in Long Blades
  6889 | D:7      | Reached * piety under Okawaru
  6894 | D:7      | Found a deep blue altar of Sif Muna.
  6976 | D:7      | Reached skill level 4 in Shields
  7019 | D:7      | Found a sacrificial altar of Ru.
  7020 | D:7      | Found a radiant altar of Vehumet.
  7023 | D:7      | Found a bloodstained altar of Trog.
  7024 | D:7      | Found a burning altar of Makhleb.
  7024 | D:7      | Found an ornate altar of the Wu Jian Council.
  7025 | D:7      | Found a white marble altar of Elyvilon.
  7112 | D:7      | Found a shadowy altar of Dithmenos.
  7112 | D:7      | Found a sparkling altar of Nemelex Xobeh.
  7132 | D:7      | HP: 17/71 [orc warrior/glaive (20)]
  7136 | D:7      | HP: 7/71 [ice beast (3)]
  7136 | D:7      | HP: 1/71 [ice beast (6)]
  7578 | D:7      | Reached XP level 10. HP: 27/77 MP: 10/10
  7579 | D:7      | HP: 16/77 [hippogriff (5)]
  7586 | D:7      | Reached skill level 7 in Fighting
  7586 | D:7      | Reached skill level 7 in Armour
  8258 | D:8      | Reached skill level 14 in Long Blades
  8380 | D:8      | Reached ** piety under Okawaru
  8388 | D:8      | Reached skill level 8 in Fighting
  8388 | D:8      | Reached skill level 8 in Armour
  8435 | D:8      | Noticed a three-headed hydra
  8446 | D:8      | HP: 13/82 [three-headed hydra (12)]
  8446 | D:8      | HP: 2/82 [three-headed hydra (11)]
  8447 | D:8      | Mangled by a three-headed hydra

Skill      XL: |  1  2  3  4  5  6  7  8  9 10 |
---------------+-------------------------------+-----
Armour         | 4 6 8 |  8.3
Fighting       | 4 5 6 8 |  8.4
Long Blades    | 3 4 5 6 8 10 12 13 14 | 14.0
Shields        | 4 |  4.0

Action                   |  1- 3 |  4- 6 |  7- 9 | 10-12 || total
-------------------------+-------+-------+-------+-------++-------
Melee: Long sword        |   105 |   224 |   512 |    98 ||   939
Throw: Stone             |       |       |     1 |       ||     1
Invok: Heroism           |       |       |     1 |     3 ||     4
 Abil: Hop               |     2 |       |     1 |     1 ||     4
  Use: Potion            |       |     2 |     2 |     1 ||     5
       Scroll            |       |       |       |     2 ||     2
 Stab: Invisible         |       |       |       |     1 ||     1
  Eat: Chunk             |       |     8 |     7 |     3 ||    18
       Ration            |       |       |     3 |       ||     3
Armor: Scale mail        |    51 |    67 |   125 |    47 ||   290
Dodge: Dodged            |    36 |   103 |   176 |    71 ||   386
Block: Shield            |    75 |   125 |   180 |       ||   380
       Buckler           |       |       |    21 |    27 ||    48
       Rpst.: Long sword |     9 |    37 |    60 |    18 ||   124

Vault maps used:
D:1:      nicolae_arrival_washed_ashore
D:4:      evilmike_ruin_ashenzari, serial_shops, nicolae_shop_window_shopping,
          uniq_robin, uniq_grinder
D:5:      first_ration, serial_shops, shop, nicolae_shop_stone, kennysheep_mini,
          nicolae_shop_stone, shop
D:6:      minmay_temple_entry_overgrown, minmay_ogre_servants
D:7:      old_standard_altar, grunt_temple_overflow_open,
          chequers_temple_overflow_statue_of_worship
D:8:      minmay_the_grid_octo_tiled_octocenter, serial_glass, glass_columns_a,
          glass_columns_a, glass_columns_a, glass_columns_b, glass_columns_b,
          hangedman_ranch
Temple:   minmay_temple_bridge_abc

Table legend:
 A = Turns spent in this place as a percentage of turns spent in the entire game.
 B = Non-inter-level travel turns spent in this place as a percentage of non-inter-level travel turns spent in the entire game.
 C = Inter-level travel turns spent in this place as a percentage of turns spent in this place.
 D = Turns resting spent in this place as a percentage of non-inter-level travel turns spent in this place.
 E = Turns spent auto-exploring this place as a percentage of non-inter-level travel turns spent in this place.
 F = Non-inter-level travel turns spent in this place divided by the number of levels of this place that you've seen.
                   A       B       C       D       E      F
               +-------+-------+-------+-------+-------+----------------------
         Total | 100.0 | 100.0 |   1.8 |  31.5 |  41.9 | 921.9
       Dungeon |  98.2 |  98.3 |   1.7 |  32.1 |  41.1 | 1019.0
        Temple |   1.8 |   1.7 |   7.1 |   0.0 |  82.8 | 145.0
               +-------+-------+-------+-------+-------+----------------------

Table legend:
 A = Kills in this place as a percentage of kills in entire the game.
 B = Kills by you in this place as a percentage of kills by you in the entire game.
 C = Kills by friends in this place as a percentage of kills by friends in the entire game.
 D = Other kills in this place as a percentage of other kills in the entire game.
 E = Experience gained in this place as a percentage of experience gained in the entire game.
 F = Experience gained in this place divided by the number of levels of this place that you have seen.
                   A       B       C       D       E      F
               +-------+-------+-------+-------+-------+----------------------
         Total | 100.0 | 100.0 |   N/A |   N/A | 100.0 | 773.1
       Dungeon | 100.0 | 100.0 |   N/A |   N/A | 100.0 | 869.8
               +-------+-------+-------+-------+-------+----------------------
